[Event "Singapore Open-A 2024"]
[Site "Singapore"]
[Date "2024.11.30"]
[Round "2.1"]
[White "Murzin, Volodar"]
[Black "Banh Gia Huy"]
[Result "1-0"]
[ECO "B22"]
[WhiteElo "2664"]
[BlackElo "2422"]
[Annotator "TA"]
[PlyCount "121"]
[EventDate "2024.11.29"]
[EventType "swiss"]
[EventCountry "SIN"]
[SourceTitle "playchess.com"]
[Source "ChessBase"]
[SourceQuality "1"]
[TimeControl "5400+30"]

1. e4 c5 2. Nf3 e6 3. c3 Nf6 4. e5 Nd5 5. d4 cxd4 6. cxd4 d6 7. Bc4 Be7 {[%emt 0:00:51] is cutting edge theory.} 8. O-O {[%emt 0:00:35] B22: Sicilian: 2 c3.} O-O 9. Qe2 b6 10. Rd1 Bb7 11. Bxd5 exd5 12. Nc3 Na6 13. Bf4 Nc7 14. exd6 Bxd6 15. Bxd6 Qxd6 16. Re1 Rfe8 $146 ({Predecessor:} 16... Rae8 17. Qd2 f6 18. Rxe8 Rxe8 19. Ne1 Bc6 20. Nc2 Ne6 21. Re1 Kf7 22. a3 a5 {1-0 Pridorozhni,A (2556)-Matlakov,M (2696) RUS-ch Higher League 68th 2015 (1)}) 17. Qd2 f6 18. h3 Bc6 19. Nh2 Rxe1+ 20. Rxe1 Re8 21. Rc1 Ne6 22. Nf1 Qf4 23. Qxf4 Nxf4 24. Ne3 Rd8 25. h4 h5 26. Rd1 Kf7 27. f3 Ne6 28. Kf2 g6 29. g3 g5 30. Nf5 Ng7 31. Nxg7 Kxg7 32. Rc1 Be8 33. Nd1 Rd7 34. Ne3 Bg6 35. Ke2 Kf7 36. Rc6 Bb1 37. a3 Bg6 38. Kd2 Bb1 39. a4 Bg6 {[%emt 0:00:25] [#]} ({Better is} 39... Ba2) 40. b4 $1 $16 Bb1 41. a5 bxa5 42. bxa5 gxh4 43. gxh4 Ba2 (43... Kg6 $142 44. Rc1 Ba2 45. Rg1+ Kf7) 44. Ng2 $18 Rb7 45. Nf4 Bc4 46. Nxh5 Rb3 47. Rxf6+ Ke7 48. Rf5 Rd3+ 49. Kc2 Ra3 $2 (49... Rxd4 $16 {is a better defense.} 50. Nf4 Bb5) 50. Nf4 $18 Rxa5 51. h5 Ra2+ 52. Kc3 Rh2 $2 (52... Ra3+ 53. Kd2 Ra6) 53. Nxd5+ $18 Bxd5 54. Rxd5 Rh3 55. Ra5 a6 56. Kc4 (56. Rxa6 Rxh5 57. Ra1 Rf5 $18) 56... Rxf3 57. Rxa6 Rh3 58. h6 Kf7 59. Ra7+ (59. d5 $142 Rh1 60. Ra7+ Kf6 61. Kd4 Rh4+ 62. Kc5 Rh3 63. h7 Rc3+ 64. Kd6) 59... Kg8 60. Ra8+ Kh7 61. Ra6 1-0

[Event "Singapore Open-A 2024"]
[Site "Singapore"]
[Date "2024.11.30"]
[Round "2.2"]
[White "Indjic, Aleksandar"]
[Black "Dau Khuong Duy"]
[Result "1/2-1/2"]
[ECO "E62"]
[WhiteElo "2623"]
[BlackElo "2412"]
[Annotator "TA"]
[PlyCount "95"]
[EventDate "2024.11.29"]
[EventType "swiss"]
[EventCountry "SIN"]
[SourceTitle "playchess.com"]
[Source "ChessBase"]
[SourceQuality "1"]
[TimeControl "5400+30"]

1. d4 Nf6 2. c4 g6 3. g3 Bg7 4. Bg2 O-O 5. Nc3 d6 6. Nf3 c6 7. O-O Bf5 8. Ng5 h6 9. e4 Bg4 10. Nf3 {[%emt 0:08:02] White is slightly better.} Nfd7 11. h3 Bxf3 12. Bxf3 Na6 (12... Qb6 $14) 13. Be3 Nc7 14. Qd2 Kh7 15. Be2 {[%emt 0:07:50] White is more active.} a6 16. c5 dxc5 17. dxc5 Ne6 18. Na4 Qc7 19. Rad1 Rfd8 20. Qb4 Nf6 21. f4 Rxd1 22. Rxd1 Rd8 23. Kg2 Rxd1 24. Bxd1 h5 25. h4 Qd7 26. Be2 Ng4 27. Bxg4 hxg4 28. Qb3 {[%emt 0:00:25] Repels Qd1} Nc7 29. Nb6 (29. Qxf7 $2 Qd3 30. Qb3 Qxe4+ 31. Kg1 Nd5 $19) 29... Qd8 30. Kf2 f5 31. exf5 (31. e5 {simplifies} Qg8 32. Qxg8+ Kxg8 33. Nc4) 31... gxf5 32. Ke2 Qg8 {[%emt 0:01:14] Prevents Qf7} 33. Qxg8+ Kxg8 $11 {[%emt 0:00:04][%mdl 4096] Endgame. KBN-KBN} 34. Nc4 Nd5 35. a3 Kf7 36. Kd3 Nf6 37. Na5 Ne4 38. Nxb7 Bxb2 39. Nd8+ Ke8 40. Nxc6 {[%emt 0:00:07] [#] Hoping for h5.} Bxa3 41. Kc4 Nxg3 42. Nd4 (42. Ne5 $1 $15) 42... Bb2 (42... Kd7 $17 {Threatens to win with ...Bb2.} 43. Bf2 (43. Kd5 Bb2 $17) 43... Ne4) 43. Ne6 $2 (43. c6 $15) 43... Kd7 $19 44. Kd5 Ne4 (44... a5 $19 {is more deadly. ...a4 would now be deadly.} 45. c6+ Kc8) 45. c6+ (45. Nf8+ $17 Kc7 46. Ne6+ (46. Ke6 $2 a5 $19) 46... Kc8 47. Kc6) 45... Kc8 46. Nd4 {[%emt 0:00:21] [#]} (46. Kc4 {keeps fighting.} Nf6 47. Bc5) 46... Bxd4 $2 ({Better is} 46... Nf6+ $1 $19 47. Ke6 Kc7 48. Nxf5 (48. Kxf5 $2 {loses.} a5 $19) 48... Kxc6 49. Nxe7+ (49. Kxe7 $2 {too greedy.} Kd5 $19) 49... Kb5) 47. Bxd4 $11 {[%emt 0:00:08] h5 is the strong threat.} Ng3 {[%emt 0:00:07] Strongly threatening ...a5.} 48. Bb6 $1 {[%emt 0:00:12] Weighted Error Value: White=0.27 (precise) /Black=0.16 (very precise) .  Loses game:     	White=1     	---        Missed win:     	---       	Black=1      Mistake:       	White=3     	Black=3      Inaccurate:     	White=5     	Black=2      OK:         	White=12    	Black=16     Best:        	---       	Black=7      Strong:       	White=1     	---} 1/2-1/2

[Event "Singapore Open-A 2024"]
[Site "Singapore"]
[Date "2024.11.30"]
[Round "2.3"]
[White "Karthik Venkataraman"]
[Black "Deepan Chakkravarthy J."]
[Result "1/2-1/2"]
[ECO "B90"]
[WhiteElo "2605"]
[BlackElo "2408"]
[Annotator "TA"]
[PlyCount "117"]
[EventDate "2024.11.29"]
[EventType "swiss"]
[EventCountry "SIN"]
[SourceTitle "playchess.com"]
[Source "ChessBase"]
[SourceQuality "1"]
[TimeControl "5400+30"]

1. e4 c5 2. Nf3 d6 3. d4 cxd4 4. Nxd4 Nf6 5. Nc3 a6 6. Nb3 e6 {[%emt 0:02:26] B90: Sicilian Najdorf: Unusual White 6th moves, 6 Be3 Ng4 and 6 Be3 e5.} 7. g4 b5 8. a3 Bb7 9. Qe2 Nfd7 10. Bf4 Nc6 11. O-O-O Nce5 12. h4 Rc8 13. Rh3 Be7 14. g5 O-O 15. Bh2 $146 ({Predecessor:} 15. Kb1 Nc4 16. h5 Bxg5 17. Bxd6 Nxd6 18. Rxd6 Qe7 19. Rd1 Bf6 20. Na2 Rc4 21. Nd2 {1-0 Komissarova,S (1859)-Potapova,M (2155) RUS-chT Rapid (Women) 2023 (9.18)}) 15... Qb6 16. f4 Nc4 17. Rg3 b4 18. axb4 Qxb4 19. f5 exf5 $1 20. exf5 Rfe8 21. Qf2 Bd8 22. Bxc4 Rxc4 (22... Qxc4 $11 23. Rgd3 Bb6) 23. Re3 $14 Ne5 24. Bxe5 $1 dxe5 25. Rxe5 Rf8 $1 (25... Bxg5+ $2 26. hxg5 Rb8 27. Qa7 $18) (25... Be7 $2 26. f6 $18) 26. f6 Rf4 27. Qe1 Rxh4 28. Re8 Rh1 29. Qe5 Rxd1+ 30. Nxd1 Bc6 31. Rxf8+ Qxf8 32. Nd4 Bd7 33. Qd5 Qe8 34. fxg7 (34. Qd6 $11) 34... Bg4 ({Of course not} 34... Kxg7 35. Kb1 $11) 35. Kd2 Qd7 ({Much worse is} 35... Kxg7 $6 36. Ne3 Be6 37. Nxe6+ fxe6 38. Qd4+ Kg8 39. Qe5 $11) 36. Qc5 Be7 ({Reject} 36... Kxg7 $6 37. Ne3 $15) 37. Qe5 Qd6 (37... Bxg5+ $17 38. Kd3 Bxd1 39. Qxg5 Bxc2+ 40. Ke3 Qh3+ 41. Kf2 Qh2+ 42. Ke3 Bg6) 38. Qxd6 $11 Bxd6 39. Nf2 Bf4+ 40. Kd3 Bd7 $2 (40... Bc8 $11) 41. Ne4 $1 $18 Kxg7 42. Nf6 $1 Bb5+ 43. Nxb5 Bxg5 44. Ne4 Bc1 45. Nbd6 Bxb2 46. c4 Ba3 47. Kc3 a5 48. Kd4 h5 49. Ke5 $2 (49. Nf5+ $18 Kg8 50. c5 Bxc5+ 51. Kxc5) 49... a4 50. Nf5+ Kf8 ({Black should try} 50... Kg6 $14) 51. Kd4 Bb4 {[%emt 0:01:00] [#]} (51... Bb2+ $16 52. Kd3 f6) 52. Kd3 $1 $18 Be1 {[%emt 0:01:35] [#]} 53. c5 $2 (53. Ng5 $1 $18) 53... Ke8 $1 $11 54. Kc4 Kd8 (54... h4 $1 $11 {remains equal.}) 55. Ned6 (55. Nd4 $16) 55... h4 $11 56. Nxf7+ Kc7 57. Ng5 a3 58. Kb3 Kc6 59. Kxa3 1/2-1/2

[Event "Singapore Open-A 2024"]
[Site "Singapore"]
[Date "2024.11.30"]
[Round "2.4"]
[White "Injac, Teodora"]
[Black "Nesterov, Arseniy"]
[Result "1/2-1/2"]
[ECO "A08"]
[WhiteElo "2429"]
[BlackElo "2599"]
[Annotator "TA"]
[PlyCount "71"]
[EventDate "2024.11.29"]
[EventType "swiss"]
[EventCountry "SIN"]
[SourceTitle "playchess.com"]
[Source "ChessBase"]
[SourceQuality "1"]
[TimeControl "5400+30"]

1. Nf3 d5 2. g3 Nf6 3. Bg2 c5 4. O-O e6 5. d3 Nc6 6. a4 Be7 7. Bf4 O-O 8. Ne5 Nxe5 9. Bxe5 Bd7 10. e4 Bc6 11. Qe2 Re8 12. c4 dxe4 13. dxe4 Nd7 14. Bf4 e5 15. Be3 Nf8 16. Rd1 Qa5 17. Nc3 Ne6 18. Nd5 Nd4 19. Qd3 Qd8 20. h4 a5 21. b3 h6 22. Rd2 (22. Bh3 {feels hotter.} Qd6 23. Kg2 Qg6 24. Bf5) 22... Ra6 23. Bxd4 cxd4 24. Bh3 Bd6 25. Rc2 Bc5 26. Rd1 b6 27. Kh2 Ra7 28. Re2 Bd6 29. Qf3 Rf8 30. h5 Kh8 31. Kg2 Rb7 {[%emt 0:00:00] The position is equal.} 32. Rh1 Qg5 33. Qf5 Qd8 34. Qf3 Qg5 35. Qf5 Qd8 36. Qf3 {[%emt 0:01:20] An uneventful encounter.   Weighted Error Value: White=0.06 (flawless) /Black=0.06 (flawless) .  Inaccurate:     	White=2     	Black=1      OK:         	White=13    	Black=8} 1/2-1/2

[Event "Singapore Open-A 2024"]
[Site "Singapore"]
[Date "2024.11.30"]
[Round "2.5"]
[White "Dimakiling, Oliver"]
[Black "Tin, Jingyao"]
[Result "0-1"]
[ECO "A06"]
[WhiteElo "2422"]
[BlackElo "2588"]
[Annotator "RC"]
[PlyCount "156"]
[EventDate "2024.11.29"]
[EventType "swiss"]
[EventCountry "SIN"]
[SourceTitle "playchess.com"]
[Source "ChessBase"]
[SourceQuality "1"]
[TimeControl "5400+30"]

1. Nf3 d5 2. b3 Nf6 3. Bb2 Bf5 4. g3 e6 5. Nh4 Bg4 6. h3 Bh5 7. g4 Nfd7 8. Nf5 exf5 9. gxh5 Qh4 10. Bg2 c6 11. e3 Rg8 12. Qf3 g6 13. hxg6 hxg6 14. Nc3 Nf6 15. O-O-O Nbd7 16. Kb1 O-O-O 17. d3 Bd6 18. Na4 Be5 19. Bc1 Qb4 20. Qe2 Nb6 21. Bd2 Qe7 22. Nxb6+ axb6 23. Rc1 Rge8 24. c3 Bc7 25. Qd1 Kb8 26. Rc2 Rh8 27. Bc1 Rh4 28. Re2 Nd7 29. Qc2 Nc5 30. Rd1 Qg5 31. f4 Qe7 32. b4 Ne6 33. a4 Rhh8 34. Qa2 Rhe8 35. Rb2 Qd6 36. d4 g5 37. c4 dxc4 38. Qxc4 gxf4 39. d5 fxe3 40. Bxe3 Qe5 41. Qb3 f4 42. Bg1 Ng5 43. a5 b5 44. Ka2 f3 45. Bxf3 Nxf3 46. Qxf3 Rxd5 47. Bh2 Qe6 48. Bxc7+ Kxc7 49. Rxd5 cxd5 50. Rc2+ Kb8 51. Qg3+ Ka8 52. Qd3 Rh8 53. Re2 Qd7 54. Re5 Rxh3 55. Qxd5 Qc8 56. Qc5 Qg8 57. Re3 f5+ 58. Ka3 Rxe3+ 59. Qxe3 Qd8 60. Qf3 Qf6 61. Qd3 Qa1+ 62. Kb3 Qa4+ 63. Kc3 Qa3+ 64. Kc2 Qxd3+ 65. Kxd3 Kb8 66. Kd4 Kc7 67. Kd5 f4 68. Ke4 Kd6 69. Kxf4 Kd5 70. Ke3 Kc4 71. Kd2 Kxb4 72. Kc2 Kxa5 73. Kb3 b4 74. Kb2 Ka4 75. Ka2 b3+ 76. Kb2 Kb4 77. Kb1 Kc3 78. Kc1 b2+ 0-1

[Event "Singapore Open-A 2024"]
[Site "Singapore"]
[Date "2024.11.30"]
[Round "2.6"]
[White "Sathvik Adiga"]
[Black "Sethuraman, S.P."]
[Result "0-1"]
[ECO "C54"]
[WhiteElo "2408"]
[BlackElo "2586"]
[Annotator "TA"]
[PlyCount "60"]
[EventDate "2024.11.29"]
[EventType "swiss"]
[EventCountry "SIN"]
[SourceTitle "playchess.com"]
[Source "ChessBase"]
[SourceQuality "1"]
[TimeControl "5400+30"]

1. e4 e5 2. Nf3 Nc6 3. Bc4 Nf6 4. d3 Bc5 5. c3 a6 6. O-O d6 7. a4 Ba7 8. Re1 Ng4 9. d4 (9. Re2 $11) 9... exd4 $1 $17 10. cxd4 {[%emt 0:04:24] [#]} Nxd4 $1 11. Nxd4 {[%emt 0:10:16] Hoping for Rf1.} Qh4 $1 12. Be3 {[%emt 0:04:03] Strongly threatening Nf3.} (12. Nf3 $2 Qxf2+ 13. Kh1 Qg1+ 14. Nxg1 Nf2#) 12... Qxh2+ (12... Nxh2 $2 13. Nf3 Nxf3+ 14. Qxf3 $18) 13. Kf1 Qh1+ $1 14. Ke2 Qxg2 {[%emt 0:00:18][%cal Og4e5] ...Ne5! is the strong threat.} 15. Rg1 Nxe3 16. Kxe3 Qh3+ 17. Rg3 Qh6+ {[%emt 0:00:14][%mdl 1024] Black has compensation.} 18. f4 $2 (18. Kd3 $1 $15) 18... O-O (18... Qh2 $19 19. Qe1 d5 20. Bxd5 c6) 19. Nc3 Be6 {[%emt 0:03:06] Some like it hot} 20. Qd3 {[%emt 0:00:00] [#]} (20. Bxe6 $17 fxe6 21. Kd3 Rxf4 (21... Qxf4 $2 22. Rxg7+ Kxg7 23. Nxe6+ Kh8 24. Nxf4 $18) 22. Nde2) 20... b5 $1 $19 21. Bxe6 (21. axb5 $2 Bxc4 (21... Bxd4+ $2 22. Qxd4 g6 23. Rxa6 $18) 22. Qd1 (22. Qxc4 $2 axb5 23. Qf1 Qh2 $19) 22... f5 (22... Bxb5 23. Ncxb5 axb5 24. Rxa7 $11) (22... axb5 23. Rxa7 Rxa7 24. Nf5 $11) 23. Rxa6 Qh2 $19 (23... fxe4 $2 24. Qg4 $19)) (21. Bd5 c5) 21... fxe6 22. Ke2 $2 {[%emt 0:00:00] [#]} (22. axb5 $2 Qxf4+ 23. Ke2 Bxd4 $19) (22. Nce2 {nothing else works.} e5 (22... c5 23. Rag1 $17) 23. Kd2 Bxd4 (23... exd4 24. Rag1 $11) 24. Rh3) 22... Qh2+ $1 ({And not} 22... Qxf4 23. Rxg7+ (23. axb5 $2 {is the wrong capture.} Bxd4 24. Qf3 Qe5 $19) 23... Kh8 24. Rxh7+ (24. Rxc7 $2 Qf2+ 25. Kd1 Bxd4 $19) (24. Rg2 Rf6 $16) 24... Kxh7 25. Rh1+ Kg6 26. Rg1+ Kh5 27. Rh1+ Kg6 28. Rg1+ Kh5 29. Rh1+ Kg6 $11) (22... Rxf4 23. Nf3 $17) 23. Kf3 Bxd4 24. Ne2 Bf2 25. Rg2 Qh3+ 26. Ng3 {[%emt 0:00:00] [#]} Rxf4+ $3 {[%emt 0:00:20][%mdl 512] Black mates.} 27. Kxf4 {[%emt 0:00:00] White is weak on the dark squares} (27. Ke2 Qxg2) 27... Rf8+ 28. Nf5 e5+ 29. Kg5 h6+ 30. Kg6 Rf6# {[%emt 0:00:06] Weighted Error Value: White=1.26/Black=0.24 (precise) .  Mistake:       	White=4     	Black=1      Inaccurate:     	White=1     	---        OK:         	White=2     	Black=4      Best:        	White=3     	Black=2      Strong:       	---       	Black=3      Brilliant:      	---       	Black=2} 0-1

[Event "Singapore Open-A 2024"]
[Site "Singapore"]
[Date "2024.11.30"]
[Round "2.7"]
[White "Gong, Sunle"]
[Black "Piorun, Kacper"]
[Result "1/2-1/2"]
[ECO "C01"]
[WhiteElo "2404"]
[BlackElo "2580"]
[Annotator "TA"]
[PlyCount "183"]
[EventDate "2024.11.29"]
[EventType "swiss"]
[EventCountry "SIN"]
[SourceTitle "playchess.com"]
[Source "ChessBase"]
[SourceQuality "1"]
[TimeControl "5400+30"]

1. d4 e6 2. c4 b6 3. e4 Bb4+ 4. Bd2 Bxd2+ 5. Qxd2 d5 6. Nc3 dxe4 7. Nxe4 Nf6 8. Nxf6+ Qxf6 9. Be2 Bb7 10. Bf3 Nc6 {[%emt 0:02:23] White must now prevent ...0-0-0.} 11. Ne2 O-O 12. O-O Rfd8 13. Qe3 Rab8 14. Rfd1 h6 15. Rac1 Ne7 16. Bxb7 Rxb7 17. Qe4 c6 18. Rc3 Rbd7 19. Rcd3 b5 20. b3 bxc4 21. bxc4 Qf5 22. Qxf5 Nxf5 23. g4 Ne7 24. f3 {[%emt 0:02:41] [#]} c5 $1 25. Kf2 (25. f4 Nc8) 25... Nc6 26. Ke3 cxd4+ 27. Nxd4 Na5 28. c5 (28. Ke2 $15) 28... Nc4+ $1 $17 29. Ke2 Nb2 $1 $36 {[%emt 0:00:45][%csl LRd1,LRd3][%mdl 2048] Black is really pushing.} 30. c6 Nxd3 31. cxd7 {[%emt 0:00:25][%cal Od4c6][%mdl 4096] Endgame. KRN-KRN} Nf4+ 32. Ke3 {[%emt 0:03:58] Nc6 is the strong threat.} Nd5+ 33. Kf2 Rxd7 (33... g5 {seems wilder.} 34. Ne2 Kf8 35. Rd3 Ke7) 34. Ne2 {[%emt 0:01:07] Repels Nc3} Rb7 35. Rd2 {[%emt 0:00:09] Prevents Rb2.} g5 36. Kg3 Rb4 37. h4 Kg7 38. hxg5 hxg5 39. Nd4 Nf4 {[%emt 0:09:03][%cal Ob4d4] And now ...Rxd4! would win.} 40. Nc6 Ra4 41. Ne5 a6 42. Rc2 Ra5 43. Nd7 Nd3 {[%emt 0:04:56] Prevents Rc5} 44. Rc3 Rd5 45. Nb8 (45. Nb6 $17 Rd6 46. Nc4) 45... Nf4 $19 46. Rc2 {[%emt 0:00:05] Wards off Rd2} Rd6 47. Nc6 Rd1 48. Kh2 Rd3 49. Kg3 Kf6 50. Na5 {[%emt 0:00:00] [#]} Rd1 (50... Rc3 $1 $19 51. Rxc3 Ne2+ 52. Kf2 Nxc3) 51. Nb3 Rh1 {[%emt 0:00:27] Threatens to win with ...Rh3+.} 52. Nd2 Rg1+ 53. Kf2 Rg2+ 54. Kf1 Kg6 55. a4 Rh2 56. Kg1 Re2 57. Kf1 f5 58. a5 Rh2 59. Kg1 Rg2+ 60. Kf1 Rh2 ({Much less strong is} 60... fxg4 61. fxg4 Re2 (61... Rxg4 62. Rc6 $19) 62. Rb2 $17) ({Better is} 60... Kf6 $19 {Strongly threatening ...Ke7.} 61. gxf5 exf5 (61... Kxf5 62. Rc5+ e5 63. Nc4 $11)) 61. Kg1 $1 $11 Re2 (61... Rh6 $11) 62. Kf1 $17 Kf6 (62... fxg4 $17 {( -> ...g3)} 63. fxg4 Kh6 (63... Rg2 64. Rb2 $17)) 63. gxf5 $1 $15 Kxf5 ({Black should play} 63... exf5 $19 {aiming for ...Ke7.} 64. Rc6+ Ke5 65. Nc4+ Kd5) 64. Rc5+ Re5 (64... Kg6 $15 65. Ne4 Ra2 66. Rxg5+ Kf7) 65. Rxe5+ $11 Kxe5 {[%emt 0:00:01] KN-KN} 66. Kf2 {[%emt 0:03:44] [#]} (66. Ne4 $11 {was the only way to keep the balance.}) 66... Nd5 (66... Nd3+ $1 $17 67. Kg3 Kf5) 67. Ne4 {[%emt 0:00:43] The position is equal.} Nb4 (67... g4 $5) 68. Nxg5 Nc6 69. Ke3 Nxa5 70. Kd3 Kd5 71. Kc3 Nc6 72. Kb3 e5 73. Ka4 $1 Kc4 74. Nf7 $1 Kd4 75. Nd6 Kc5 76. Nf7 Kd5 77. Nh6 Kc5 78. Nf7 Kd4 79. Nd6 $1 Ke3 80. Nc4+ $1 Kf4 81. Nd2 Kg5 82. Nb3 Nd4 83. Nc5 Nxf3 84. Ka5 $1 Kf5 85. Kxa6 Nd4 86. Ka5 Ne6 87. Nb7 Ke4 88. Kb4 Kd3 89. Nd6 Ng5 90. Kc5 Ne4+ 91. Kd5 Nxd6 92. Kxe5 $1 {[%emt 0:00:02] And White is the lucky defender.   Weighted Error Value: White=0.07 (flawless) /Black=0.09 (flawless) .  Mistake:       	White=3     	Black=7      OK:         	White=38    	Black=28     Best:        	White=11    	Black=3      Strong:       	White=8     	Black=2} 1/2-1/2

[Event "Singapore Open-A 2024"]
[Site "Singapore"]
[Date "2024.11.30"]
[Round "2.8"]
[White "Gumularz, Szymon"]
[Black "Laylo, Darwin"]
[Result "1/2-1/2"]
[ECO "C43"]
[WhiteElo "2579"]
[BlackElo "2402"]
[Annotator "RC"]
[PlyCount "62"]
[EventDate "2024.11.29"]
[EventType "swiss"]
[EventCountry "SIN"]
[SourceTitle "playchess.com"]
[Source "ChessBase"]
[SourceQuality "1"]
[TimeControl "5400+30"]

1. e4 e5 2. Nf3 Nf6 3. d4 Nxe4 4. dxe5 d5 5. Nbd2 Nc6 6. Bb5 Bd7 7. O-O Be7 8. Bxc6 Bxc6 9. Nd4 Nxd2 10. Nxc6 bxc6 11. Bxd2 O-O 12. f4 f6 13. Qe2 fxe5 14. fxe5 Bc5+ 15. Kh1 Qh4 16. Bc3 Rae8 17. Qa6 Bb6 18. a4 Qh6 19. h3 Bf2 20. Qe2 Qe3 21. Qg4 d4 22. Bb4 Rf4 23. Qd7 Qxe5 24. Qxc6 h6 25. Rad1 Re6 26. Qc4 Kh7 27. Bd2 Rff6 28. c3 Qe2 29. Qxe2 Rxe2 30. cxd4 Bxd4 31. Rxf6 Bxf6 1/2-1/2

[Event "Singapore Open-A 2024"]
[Site "Singapore"]
[Date "2024.11.30"]
[Round "2.9"]
[White "Gomez, John Paul"]
[Black "Iturrizaga Bonelli, Eduardo"]
[Result "1/2-1/2"]
[ECO "E21"]
[WhiteElo "2403"]
[BlackElo "2575"]
[Annotator "TA"]
[PlyCount "64"]
[EventDate "2024.11.29"]
[EventType "swiss"]
[EventCountry "SIN"]
[SourceTitle "playchess.com"]
[Source "ChessBase"]
[SourceQuality "1"]
[TimeControl "5400+30"]

1. d4 Nf6 2. c4 e6 3. Nc3 Bb4 4. e3 O-O 5. Bd2 b6 6. Nf3 Bb7 7. Bd3 d6 8. a3 Bxc3 9. Bxc3 Ne4 10. Bxe4 {[%emt 0:01:53] The position is equal.} Bxe4 11. O-O Bg6 12. Ne1 Nd7 13. Nd3 h6 14. Nf4 Bh7 15. Nh5 Qe7 16. Re1 f5 17. b4 Qf7 18. c5 g5 19. f4 Bg6 20. Ng3 Nf6 (20... dxc5 21. dxc5 bxc5 22. Nh1 $17) 21. d5 Nxd5 $17 ({Of course not} 21... dxc5 $6 22. dxe6 Qxe6 23. bxc5 $11) 22. Bb2 bxc5 23. bxc5 Rab8 ({Much worse is} 23... gxf4 24. exf4 dxc5 25. Rc1 $11) ({Don't play} 23... dxc5 $6 24. Qc1 $11) 24. Qd4 {[%emt 0:13:54][%csl Gb2][%cal Rd4h8] [#]} Kh7 (24... Qf6 {simplifies} 25. Qxf6 Nxf6 26. Bxf6 Rxf6 27. cxd6 cxd6 28. Ne2 Rff8) 25. cxd6 cxd6 {[%emt 0:00:00] Hoping for ...gxf4.} 26. Rad1 Rb3 (26... Rb5 $15) 27. Ba1 $11 Rxa3 28. fxg5 hxg5 {[%emt 0:00:46] Strongly threatening ...Kh6.} 29. e4 f4 30. exd5 fxg3 31. dxe6 Qf2+ 32. Kh1 {[%emt 0:00:04] The board is on fire.} Qxd4 {[%emt 0:01:05] Weighted Error Value: White=0.06 (flawless) /Black=0.12 (very precise) .  Mistake:       	White=1     	Black=1      Inaccurate:     	---       	Black=1      OK:         	White=9     	Black=10     Best:        	White=4     	Black=2} 1/2-1/2

[Event "Singapore Open-A 2024"]
[Site "Singapore"]
[Date "2024.11.30"]
[Round "2.10"]
[White "Jumabayev, Rinat"]
[Black "Subhayan Kundu"]
[Result "1-0"]
[ECO "A08"]
[WhiteElo "2571"]
[BlackElo "2395"]
[Annotator "TA"]
[PlyCount "57"]
[EventDate "2024.11.29"]
[EventType "swiss"]
[EventCountry "SIN"]
[SourceTitle "playchess.com"]
[Source "ChessBase"]
[SourceQuality "1"]
[TimeControl "5400+30"]

1. Nf3 d5 2. g3 c5 3. Bg2 Nf6 4. O-O h6 5. c4 Nc6 6. cxd5 Nxd5 7. Nc3 e6 8. Nxd5 {[%emt 0:01:37] White is slightly better.} Qxd5 9. d3 Bd7 (9... Be7 $14) 10. Be3 $16 Rc8 11. d4 cxd4 12. Nxd4 Qa5 13. Qb3 ({Better is} 13. Rc1) 13... Qb4 14. Nxc6 Bxc6 15. Rfc1 (15. Bxa7 Qxb3 16. Bxc6+ (16. axb3 Bd6 $16) 16... Rxc6) 15... a6 ({Don't go for} 15... Qxb3 $2 16. axb3 Bd6 17. Bxc6+ (17. Rxa7 O-O $18) (17. Bxa7 Kd7 $16) 17... Rxc6 18. Rxa7 (18. Bxa7 Rxc1+ 19. Rxc1 Ke7 $16) (18. Rxc6 bxc6 19. Rxa7 O-O $16) 18... Rxc1+ 19. Bxc1 $18) 16. Bxc6+ Rxc6 (16... bxc6 $16 {is a better defense.} 17. Rc4 Qxb3 18. axb3 Bd6 19. Rxa6 Kd7) 17. Rxc6 $18 bxc6 18. Qc2 Qb7 (18... c5 $142 19. a3 Qb5) 19. Rc1 Kd7 20. Qd3+ Ke8 21. Qe4 Kd7 22. Bf4 f6 $2 {[%emt 0:03:28] [#]} (22... f5 23. Qe5 c5) 23. Rd1+ Ke7 24. Qg6 e5 25. Be3 Qb5 {[%emt 0:00:50] Inhibits Bc5+.} 26. Qg4 {[%emt 0:01:57][%csl Gd1][%cal Rg4d7] [#]} Kf7 27. Rd7+ Kg8 28. Qe6+ Kh7 29. Qxf6 {[%emt 0:01:22] Weighted Error Value: White=0.14 (very precise) /Black=0.40.  Mistake:       	White=1     	Black=4      Inaccurate:     	White=1     	Black=2      OK:         	White=6     	Black=2      Best:        	White=2     	---} 1-0